Map: Blackpink LE

Players

Juxtapose - Winner!

  • Race: Protoss Protoss
  • League: Platinum
  • Spawn Location: 7:00

A.I. 1 (Very Hard)

  • Race: Protoss Protoss
  • Spawn Location: 1:00

VOD

https://youtu.be/kxpVXYKF8vo

Description

Time

  • Played on: April 26, 2018, 11:09 a.m.
  • Length: 20:17
Show
View Real Time Build Order
Export as new Build Order

Juxtapose Protoss - Winner!

Build Orders:  

Get SALT Encoding   

  12  0:01  Probe  
  13  0:13  Probe  
  14  0:20  Pylon  
  14  0:25  Probe  
  15  0:38  Probe  
  16  0:45  Gateway  
  16  0:50  Probe  
  16  0:51  Assimilator  
  17  1:02  Probe  
  18  1:05  Pylon  
  18  1:13  Assimilator  
  18  1:14  Probe  
  19  1:27  Probe  
  20  1:37  Cybernetics Core, Zealot  
  20  1:39  Probe  
  23  1:51  Probe  
  24  2:03  Probe  
  24  2:04  Warp Gate  
  24  2:07  Pylon  
  25  2:27  Nexus  
  25  2:31  Probe  
  25  2:36  Stalker  
  28  2:45  Probe  
  29  2:57  Probe  
  29  2:58  Stalker  
  30  3:00  Gateway  
  32  3:15  Probe  
  33  3:23  Stalker, Pylon  
  33  3:27  Probe, Forge  
  36  3:39  Probe  
  37  3:41  Probe  
  38  3:51  Probe, Protoss Ground Weapons Level 1  
  38  3:52  Stalker  
  38  3:53  Probe  
  42  4:03  Probe  
  42  4:06  Probe  
  44  4:13  Pylon  
  44  4:18  Probe  
  44  4:19  Gateway  
  44  4:23  Twilight Council  
  45  4:33  Stalker  
  45  4:37  Pylon  
  47  4:39  Blink  
  47  4:41  Shield Battery  
  47  4:44  Probe x2  
  49  4:48  Assimilator  
  49  4:50  Stalker  
  51  4:56  Probe x2  
  53  5:06  Photon Cannon  
  53  5:09  Zealot  
  55  5:17  Sentry  
  57  5:28  Gateway  
  57  5:30  Protoss Ground Armor Level 1, Pylon  
  57  5:32  Probe x2  
  59  5:36  Pylon  
  59  5:37  Assimilator  
  59  5:41  Sentry  
  59  5:42  Sentry  
  63  5:43  Zealot  
  63  5:44  Probe x2  
  67  5:59  Probe x2  
  70  6:11  Probe  
  70  6:18  Robotics Facility  
  70  6:22  Stalker x3  
  76  6:27  Charge  
  76  6:43  Photon Cannon  
  76  6:45  Nexus  
  76  6:47  Zealot x2  
  76  6:48  Zealot  
  82  6:58  Immortal  
  84  7:26  Protoss Ground Weapons Level 2  
  84  7:28  Immortal  
  58  7:42  Stalker x4  
  68  7:56  Probe x2  
  68  7:57  Immortal, Probe  
  71  8:07  Stalker x3  
  71  8:09  Sentry  
  83  8:20  Pylon  
  83  8:26  Immortal  
  83  8:28  Pylon  
  83  8:29  Probe x3  
  83  8:32  Assimilator  
  83  8:34  Zealot x3  
  90  8:35  Sentry  
  90  8:36  Assimilator  
  98  8:49  Probe x3  
  98  8:54  Photon Cannon  
  101  8:56  Photon Cannon  
  101  9:01  Probe  
  102  9:02  Zealot x2  
  102  9:03  Zealot x2  
  102  9:06  Immortal  
  114  9:31  Probe x2  
  116  9:45  Immortal, Nexus  
  96  10:21  Immortal  
  80  10:27  Stalker x2  
  80  10:28  Stalker x2  
  65  10:46  Photon Cannon  
  65  10:47  Immortal, Probe  
  65  10:48  Probe x2, Photon Cannon  
  68  10:54  Stalker x3  
  68  10:55  Stalker  
  76  10:59  Probe  
  81  11:18  Immortal, Protoss Ground Armor Level 2  
  81  11:28  Pylon  
  81  11:31  Pylon  
  85  11:33  Stalker x2  
  85  11:35  Sentry x2  
  93  11:48  Immortal  
  97  12:03  Stalker x3  
  97  12:04  Stalker  
  105  12:14  Probe  
  106  12:18  Photon Cannon  
  106  12:20  Photon Cannon  
  106  12:26  Probe  
  106  12:28  Zealot x3  
  106  12:29  Zealot  
  115  12:39  Immortal, Probe  
  80  13:13  Stalker x2  
  80  13:14  Stalker x2  
  80  13:18  Immortal  
  92  13:24  Stargate  
  92  13:26  Stargate  
  92  13:36  Assimilator  
  92  13:38  Assimilator  
  92  13:41  Sentry  
  92  13:42  Sentry x2  
  92  13:43  Zealot  
  100  13:58  Immortal  
  104  14:10  Void Ray x2  
  112  14:18  Stalker x2  
  112  14:19  Stalker x2  
  120  14:37  Immortal  
  116  14:52  Void Ray  
  116  14:53  Void Ray  
  116  14:55  Protoss Shields Level 1  
  116  14:58  Stalker  
  116  14:59  Stalker x3  
  130  15:03  Protoss Air Weapons Level 1  
  126  15:16  Warp Prism  
  128  15:35  Void Ray x2  
  136  15:52  Immortal  
  140  16:01  Nexus  
  140  16:07  Sentry  
  140  16:08  Stalker x2  
  140  16:09  Stalker  
  148  16:18  Void Ray x2  
  156  16:29  Immortal  
  128  16:33  Stalker x4  
  106  16:59  Stalker  
  106  17:00  Immortal, Stalker x3  
  114  17:05  Protoss Ground Weapons Level 3  
  114  17:08  Protoss Air Armor Level 1  
  118  17:10  Void Ray x2  
  126  17:20  Probe x2  
  126  17:21  Probe x3  
  131  17:25  Sentry x2, Stalker  
  131  17:26  Stalker  
  139  17:40  Immortal  
  137  17:52  Void Ray  
  137  17:53  Void Ray  
  137  17:55  Stalker x3  
  137  17:56  Stalker  
  135  18:10  Pylon  
  128  18:14  Pylon  
  128  18:15  Nexus  
  128  18:19  Stalker x3  
  131  18:20  Stalker  
  109  18:36  Pylon  
  109  18:37  Void Ray x2  
  109  18:39  Pylon  
  107  19:14  Stalker  
  107  19:15  Stalker  
  111  19:20  Void Ray  
  116  19:24  Probe  
  102  20:00  Probe x2  
Show
View Real Time Build Order
Export as new Build Order

A.I. 1 (Very Hard) Protoss 

Build Orders: Colossus Rush 

Get SALT Encoding   

  12  0:00  Probe  
  13  0:13  Probe  
  14  0:20  Pylon  
  14  0:25  Probe  
  15  0:34  Probe  
  15  0:42  Probe  
  16  0:48  Assimilator  
  17  0:51  Probe, Gateway  
  18  0:58  Pylon  
  18  0:59  Probe  
  19  1:07  Probe  
  20  1:18  Probe  
  21  1:31  Probe  
  22  1:37  Zealot  
  24  1:43  Probe  
  25  1:47  Nexus  
  25  1:59  Cybernetics Core  
  25  2:01  Probe  
  26  2:13  Probe  
  27  2:22  Warp Gate  
  27  2:25  Probe  
  27  2:27  Pylon  
  28  2:37  Probe, Stalker, Gateway  
  28  2:42  Assimilator  
  31  2:49  Probe  
  32  2:57  Pylon  
  32  2:59  Probe  
  32  3:00  Probe  
  34  3:07  Probe, Adept  
  37  3:14  Probe  
  38  3:24  Adept  
  38  3:25  Robotics Facility  
  40  3:30  Probe x2  
  44  3:34  Adept  
  44  3:42  Probe x2  
  46  3:51  Adept  
  46  3:53  Probe  
  46  3:54  Probe  
  50  4:01  Probe, Adept  
  52  4:06  Probe  
  54  4:10  Probe  
  54  4:14  Robotics Bay  
  54  4:16  Pylon  
  55  4:17  Observer  
  55  4:18  Probe, Adept  
  59  4:25  Probe  
  59  4:29  Robotics Facility  
  60  4:33  Pylon  
  60  4:36  Stalker  
  62  4:41  Probe  
  62  4:43  Probe  
  64  4:45  Pylon  
  64  4:53  Stalker  
  66  5:04  Gateway  
  66  5:12  Zealot  
  68  5:14  Pylon  
  68  5:15  Zealot  
  70  5:22  Colossus  
  70  5:26  Zealot  
  70  5:27  Pylon  
  78  5:35  Zealot  
  80  5:44  Stalker  
  80  5:45  Probe x2  
  80  5:46  Assimilator  
  80  5:48  Assimilator  
  84  5:55  Sentry, Forge  
  86  5:57  Pylon  
  86  6:00  Stalker  
  86  6:01  Gateway  
  88  6:08  Probe x2  
  88  6:10  Stalker, Forge  
  92  6:18  Stalker  
  94  6:20  Probe, Stalker  
  94  6:22  Probe  
  94  6:24  Pylon  
  98  6:32  Sentry, Photon Cannon  
  98  6:34  Pylon  
  100  6:49  Colossus  
  106  6:54  Photon Cannon  
  106  6:56  Photon Cannon  
  106  6:59  Sentry, Protoss Ground Weapons Level 1  
  108  7:11  Warp Prism  
  110  7:18  Protoss Ground Armor Level 1  
  110  7:21  Pylon  
  110  7:23  Stalker  
  110  7:24  Nexus  
  110  7:28  Zealot  
  106  7:32  Sentry  
  106  7:37  Stalker  
  102  7:40  Zealot  
  102  7:43  Warp Prism  
  106  7:45  Extended Thermal Lance  
  106  7:48  Stalker  
  108  7:55  Zealot  
  110  8:03  Colossus  
  110  8:06  Photon Cannon  
  110  8:16  Gateway  
  116  8:27  Disruptor  
  116  8:29  Pylon  
  119  8:37  Probe x3  
  119  8:38  Photon Cannon  
  122  8:46  Assimilator  
  122  8:47  Stalker  
  124  8:49  Probe  
  124  8:50  Probe x2, Pylon  
  124  8:51  Stalker, Assimilator  
  124  8:54  Disruptor  
  129  9:01  Probe  
  129  9:02  Probe  
  134  9:03  Probe  
  135  9:10  Twilight Council  
  135  9:12  Probe, Photon Cannon  
  135  9:13  Probe  
  135  9:14  Probe  
  135  9:15  Photon Cannon  
  135  9:16  Colossus, Pylon  
  138  9:21  Probe  
  138  9:22  Immortal  
  142  9:25  Probe  
  142  9:26  Probe  
  142  9:28  Immortal  
  145  9:31  Probe  
  145  9:37  Probe  
  151  9:39  Blink  
  151  9:46  Zealot  
  151  9:49  Pylon, Zealot  
  151  9:52  Zealot  
  157  9:54  Probe  
  157  9:55  Probe  
  157  9:56  Zealot x2  
  151  10:01  Immortal  
  151  10:02  Zealot  
  149  10:07  Probe  
  149  10:08  Probe  
  149  10:09  Pylon  
  120  10:23  Adept  
  120  10:28  Adept  
  122  10:30  Probe  
  122  10:33  Sentry  
  119  10:35  Nexus  
  119  10:36  Probe  
  114  10:42  Probe  
  114  10:48  Probe  
  116  10:51  Stalker  
  118  10:58  Stalker  
  120  11:06  Stalker  
  120  11:09  Sentry  
  124  11:12  Sentry  
  126  11:19  Adept  
  128  11:26  Adept  
  130  11:45  Pylon, Zealot  
  132  11:47  Zealot  
  134  12:03  Colossus  
  134  12:04  Disruptor  
  140  12:11  Photon Cannon  
  140  12:14  Protoss Ground Weapons Level 2  
  143  12:18  Stalker, Pylon  
  143  12:22  Stalker  
  147  12:25  Adept  
  149  12:36  Observer  
  149  12:39  Photon Cannon  
  150  12:45  Zealot  
  150  12:46  Zealot  
  150  12:49  Pylon  
  154  12:53  Zealot  
  154  12:54  Zealot  
  154  12:55  Photon Cannon  
  154  12:57  Zealot  
  142  13:06  Sentry  
  144  13:23  Templar Archives  
  144  13:40  Nexus  
  144  13:43  Pylon  
  144  13:45  Stalker  
  146  13:52  Stalker  
  146  13:54  Sentry  
  150  14:00  High Templar  
  150  14:01  High Templar  
  154  14:05  Pylon  
  154  14:09  Immortal  
  154  14:15  High Templar, Archon  
  160  14:20  Stalker  
  160  14:22  Observer  
  160  14:24  High Templar  
  165  14:30  Archon  
  165  14:33  High Templar  
  165  14:34  Pylon  
  167  14:41  High Templar  
  167  14:42  Pylon  
  161  14:47  Stalker  
  163  15:06  High Templar, Archon  
  165  15:14  High Templar  
  167  15:30  Archon  
  167  15:31  High Templar  
  167  15:34  Colossus  
  169  15:37  Nexus  
  169  15:38  High Templar  
  171  15:46  Zealot  
  173  15:50  High Templar, Archon  
  175  15:58  High Templar  
  177  16:09  Pylon  
  177  16:15  Zealot  
  173  16:27  Stalker  
  149  16:39  Stalker  
  141  16:41  Archon  
  141  16:45  High Templar  
  143  16:50  High Templar  
  145  16:56  Archon  
  145  16:57  High Templar  
  147  17:04  High Templar  
  147  17:06  Zealot  
  151  17:21  Zealot  
  153  17:22  Stalker  
  153  17:26  Stalker  
  153  17:28  Stalker  
  159  17:36  Adept  
  131  18:08  Nexus  
Tags
 
League
Platinum
Matchup
PvP
Spawn Locations
Cross Positions
Add a new tag
Caveats
  • Supply blocks, unpowered buildings, or Contaminate may cause inaccurate times.
  • Supply counts are checked every 10 seconds.